 Dungeon Crawl Stone Soup version 0.29-a0-222-g5b244fca1f (webtiles) character file.

Game seed: 16978490712103050254

383 PaleWalker the Quickloader (level 6, -5/51 HPs)
             Began as a Gnoll Hunter on Feb 27, 2022.
             Was an Elder of Jiyva.
             Slain by an ogre
             ... wielding a +0 giant club
              (18 damage)
             ... on level 4 of the Dungeon.
             The game lasted 00:10:27 (3484 turns).

PaleWalker the Quickloader (Gnoll Hunter)           Turns: 3484, Time: 00:10:27

Health: -5/51      AC:  5    Str: 12    XL:     6   Next: 76%
Magic:  9/9        EV: 12    Int: 10    God:    Jiyva [****..]
Gold:   186        SH:  0    Dex: 14    Spells: 9/9 levels left

rFire   . . .      SeeInvis .   a - +1 hand crossbow
rCold   . . .      Faith    .   (no shield)
rNeg    . . .      Spirit   .   c - +0 ring mail
rPois   +          Reflect  .   (helmet restricted)
rElec   .          Harm     .   (no cloak)
rCorr   +          Rampage  .   (no gloves)
Will    .....                   (no boots)
Stlth   ++........              (no amulet)
HPRegen 1.45/turn               (no ring)
MPRegen 0.51/turn               (no ring)

@: no status effects
A: fangs 1, strong nose, distributed training, antennae 2, poison resistance,
jelly sensing items
a: Renounce Religion, Oozemancy, Slimify


You were on level 4 of the Dungeon.
You worshipped Jiyva.
Jiyva was greatly pleased with you.
You visited 2 branches of the dungeon, and saw 6 of its levels.

You collected 186 gold pieces.

Inventory:

Hand Weapons
 a - a +1 hand crossbow (weapon)
Missiles
 m - 6 boomerangs of dispersal (quivered)
Armour
 b - a +0 leather armour
 c - a +0 ring mail (worn)
 t - a +0 kite shield
Wands
 o - a wand of polymorph (19)
Scrolls
 e - 4 scrolls of vulnerability {unknown}
 f - 3 scrolls of magic mapping {unknown}
 h - 2 scrolls of identify {unknown}
 i - a scroll of fear {unknown}
 j - a scroll of amnesia {unknown}
 p - 2 scrolls of teleportation {unknown}
 r - a scroll of enchant armour {unknown}
 u - a scroll of immolation {unknown}
 v - a scroll of acquirement {unknown}
Potions
 d - a potion of magic {unknown}
 g - 3 potions of curing {unknown}
 k - a potion of brilliance {unknown}
 l - a potion of degeneration {unknown}
 n - a potion of resistance {unknown}
 q - a potion of lignification {unknown}
 s - a potion of heal wounds {unknown}


   Skills:
 + Level 5.0 Fighting
 + Level 2.1 Short Blades
 + Level 2.1 Long Blades
 + Level 2.1 Axes
 + Level 2.1 Maces & Flails
 + Level 2.1 Polearms
 + Level 2.1 Staves
 + Level 2.1 Slings
 + Level 2.1 Bows
 + Level 8.8 Crossbows
 + Level 2.1 Throwing
 + Level 2.1 Armour
 + Level 5.0 Dodging
 + Level 3.2 Stealth
 + Level 2.1 Shields
 + Level 2.1 Unarmed Combat
 + Level 2.1 Spellcasting
 + Level 1.6 Conjurations
 + Level 1.6 Hexes
 + Level 1.6 Summonings
 + Level 1.6 Necromancy
 + Level 1.6 Translocations
 + Level 1.6 Transmutations
 + Level 1.6 Fire Magic
 + Level 1.6 Ice Magic
 + Level 1.6 Air Magic
 + Level 1.6 Earth Magic
 + Level 1.6 Poison Magic
 + Level 2.3 Invocations
 + Level 2.1 Evocations


You had 9 spell levels left.
You didn't know any spells.
Your spell library contained the following spells:

 Spells                   Type           Power      Damage    Failure   Level
 Beastly Appendage        Tmut           8%         N/A       34%         1
 Sublimation of Blood     Necr           4%         N/A       45%         2
 Wereblood                Tmut           4%         N/A       45%         2
 Spider Form              Tmut/Pois      4%         N/A       71%         3
 Summon Hydra             Summ           2%         N/A       100%        7


Dungeon Overview and Level Annotations

Branches:
Dungeon (5/15)             Temple (1/1) D:4

Altars:
Ashenzari
Cheibriados
Dithmenos
Fedhas
Gozag
Hepliaklqana
Makhleb
Nemelex Xobeh
Qazlal
Sif Muna
Trog
Uskayaw
Vehumet
Xom
Yredelemnul
Zin
The Shining One
Jiyva


Innate Abilities, Weirdness & Mutations

You have very sharp teeth.
Your uncanny sense of smell can sniff out nearby items.
Your experience applies equally to all skills.
You have a pair of antennae on your head.
Your system is resistant to poisons. (rPois)
You have a small jelly attached to you that senses nearby items.


Message History

Jiyva says: Divide and consume!
Found an escape hatch in the ceiling.
You hear a distant slurping noise.
You hear a distant slurping noise.
There is an escape hatch in the ceiling here.
The ogre shouts!
Really fire in the jelly's direction?
This attack would place you under penance!
Okay, then.
The ogre hits the jelly with a +0 giant club!!
The jelly dies!
You shoot a bolt. The bolt hits the ogre.
The ogre is lightly wounded.
You shoot a bolt. The bolt hits the ogre!
The ogre is moderately wounded.
You shoot a bolt. The bolt hits the ogre.
The ogre is moderately wounded.
You shoot a bolt. The bolt hits the ogre.
The ogre is heavily wounded.
You shoot a bolt. The bolt barely misses the ogre.
You shoot a bolt. The bolt barely misses the ogre.
The ogre hits you with a +0 giant club!
You shoot a bolt. The bolt barely misses the ogre.
The bolt hits the scorpion.
The scorpion is moderately wounded.
The ogre closely misses you.
You shoot a bolt.
The bolt hits the ogre but does no damage.
The ogre is heavily wounded.
You hear a distant slurping noise.
You shoot a bolt. The bolt hits the ogre.
The ogre is severely wounded.
The ogre hits you with a +0 giant club!!
* * * LOW HITPOINT WARNING * * *
The scorpion closely misses you.
Jiyva gurgles merrily.
There is an escape hatch in the ceiling here.
The ogre hits you with a +0 giant club!
* * * LOW HITPOINT WARNING * * *
A mysterious force pulls you upwards. The hatch slams shut behind you.
The ogre hits you with a +0 giant club!!
You die...

..##...# #............#.#
..##...###.....#####..#.#
........J...............#
..##.............###..###
........######.#.###..#
..##.#..######.#......#
..........J.......##.##
..##.##..#.###.##.##.####
..##.##........O@.......#
..##.##..#.#.#.##.##.##.#
..##.##..#......{..#.##.#
..##.##..###.#.##.##.##.#
..##.##......#.##.##.##.#
..................##.##.#
####.##...##.#.#####.##.#
..........##.#.#####.##.#
####.................##.#


You could see an ogre.

Vanquished Creatures
  An ogre (D:4)
  2 scorpions
  An iguana (D:5)
  Jessica (D:2)
  Natasha (D:3)
  2 adders (D:2)
  A white imp (D:5)
  2 ufetubi
  4 dart slugs (D:1)
  9 orcs
  5 ball pythons
  An endoplasm (D:2)
  A giant cockroach (D:3)
  4 goblins
  4 hobgoblins
  6 jackals
  4 kobolds
  3 bats
  4 frilled lizards
  3 rats
59 creatures vanquished.

Vanquished Creatures (others)
  Sigmund (D:3)
  An ogre (D:5)
  7 jellies
  2 iguanas (D:5)
  Natasha (twice) (D:3)
  4 gnolls (D:3)
  2 adders
  An orc (D:5)
  2 jackals
  A kobold (D:3)
  A quokka (D:5)
  A rat (D:3)
  A butterfly (D:4)
26 creatures vanquished.

Grand Total: 85 creatures vanquished

Notes
Turn   | Place    | Note
-------+----------+-------------------------------------------
     0 | D:1      | PaleWalker the Gnoll Hunter began the quest for the Orb.
     0 | D:1      | Reached XP level 1. HP: 20/20 MP: 1/1
   111 | D:1      | Reached XP level 2. HP: 26/26 MP: 2/2
   560 | D:1      | Reached XP level 3. HP: 31/31 MP: 3/3
  1002 | D:2      | Reached skill level 1 in Invocations
  1241 | D:2      | Found a faded altar of an unknown god.
  1249 | D:2      | Prayed at the altar of an unknown god.
  1249 | D:2      | Became a worshipper of Jiyva Jibuosch the Shapeless
  1249 | D:2      | Reached * piety under Jiyva
  1253 | D:2      | Noticed Jessica
  1256 | D:2      | Killed Jessica
  1257 | D:2      | Reached skill level 1 in Short Blades
  1257 | D:2      | Reached skill level 1 in Long Blades
  1257 | D:2      | Reached skill level 1 in Axes
  1257 | D:2      | Reached skill level 1 in Maces & Flails
  1257 | D:2      | Reached skill level 1 in Polearms
  1257 | D:2      | Reached skill level 1 in Staves
  1257 | D:2      | Reached skill level 1 in Slings
  1257 | D:2      | Reached skill level 1 in Bows
  1257 | D:2      | Reached skill level 1 in Throwing
  1257 | D:2      | Reached skill level 1 in Armour
  1257 | D:2      | Reached skill level 1 in Shields
  1257 | D:2      | Reached skill level 1 in Unarmed Combat
  1257 | D:2      | Reached skill level 1 in Spellcasting
  1257 | D:2      | Reached skill level 1 in Evocations
  1257 | D:2      | Reached XP level 4. HP: 38/38 MP: 5/5
  1627 | D:3      | Noticed Natasha
  1633 | D:3      | Killed Natasha
  1634 | D:3      | Reached skill level 1 in Conjurations
  1634 | D:3      | Reached skill level 1 in Hexes
  1634 | D:3      | Reached skill level 1 in Summonings
  1634 | D:3      | Reached skill level 1 in Necromancy
  1634 | D:3      | Reached skill level 1 in Translocations
  1634 | D:3      | Reached skill level 1 in Transmutations
  1634 | D:3      | Reached skill level 1 in Fire Magic
  1634 | D:3      | Reached skill level 1 in Ice Magic
  1634 | D:3      | Reached skill level 1 in Air Magic
  1634 | D:3      | Reached skill level 1 in Earth Magic
  1634 | D:3      | Reached skill level 1 in Poison Magic
  1717 | D:3      | Noticed a scorpion
  1737 | D:3      | Killed a scorpion
  1738 | D:3      | Reached XP level 5. HP: 41/43 MP: 5/7
  1760 | D:3      | Found a burning altar of Makhleb.
  1763 | D:3      | Found a basalt altar of Yredelemnul.
  1785 | D:3      | Reached ** piety under Jiyva
  1868 | D:3      | Killed Sigmund
  1928 | D:3      | Killed Natasha
  1944 | D:3      | Killed Natasha
  2297 | D:4      | Found a staircase to the Ecumenical Temple.
  2339 | D:4      | Reached *** piety under Jiyva
  2412 | D:4      | Gained mutation: Your system is resistant to poisons.
                  | (rPois) [Jiyva's grace]
  2412 | D:4      | Gained mutation: You have a small jelly attached to you
                  | that senses nearby items. [Jiyva's grace]
  2412 | D:4      | Gained mutation: You have a pair of small antennae on your
                  | head. [Jiyva's grace]
  2412 | D:4      | Gained mutation: You have a pair of antennae on your head.
                  | [Jiyva's grace]
  2554 | D:4      | Noticed an ogre
  2562 | D:4      | Killed an ogre
  2747 | D:4      | Reached **** piety under Jiyva
  3006 | D:5      | Entered Level 5 of the Dungeon
  3045 | D:5      | Reached XP level 6. HP: 38/50 MP: 8/8
  3125 | Temple   | Entered the Ecumenical Temple
  3212 | D:5      | Reached skill level 5 in Fighting
  3212 | D:5      | Reached skill level 5 in Dodging
  3484 | D:4      | Slain by an ogre

Illustrated notes

Levels and vault maps discovered:
D:1:      ncdulo_smallfort, layout_basic, minmay_split_cup_small
D:2:      layout_basic, ebering_ecumenical_altar_webs, uniq_jessica
D:3:      layout_basic, grunt_temple_overflow_open, grunt_ministairs_1,
          chequers_serial_rivers_micro_a, uniq_sigmund, uniq_natasha
D:4:      nicolae_cairo_tiling_large_dashed, layout_basic,
          minmay_temple_entry_butterflies
D:5:      layout_rooms, serial_shops, shop, minmay_fire_ice_demons
Temple:   minmay_freezing_vapour_temple

Skill      XL: |  1  2  3  4  5  6 |
---------------+-------------------+-----
Invocations    | 1 2 |  2.3
Short Blades   | 1 2 |  2.1
Long Blades    | 1 2 |  2.1
Axes           | 1 2 |  2.1
Maces & Flails | 1 2 |  2.1
Polearms       | 1 2 |  2.1
Staves         | 1 2 |  2.1
Slings         | 1 2 |  2.1
Bows           | 1 2 |  2.1
Throwing       | 1 2 |  2.1
Armour         | 1 2 |  2.1
Shields        | 1 2 |  2.1
Unarmed Combat | 1 2 |  2.1
Spellcasting   | 1 2 |  2.1
Evocations     | 1 2 |  2.1
Conjurations   | 1 |  1.6
Hexes          | 1 |  1.6
Summonings     | 1 |  1.6
Necromancy     | 1 |  1.6
Translocations | 1 |  1.6
Transmutations | 1 |  1.6
Fire Magic     | 1 |  1.6
Ice Magic      | 1 |  1.6
Air Magic      | 1 |  1.6
Earth Magic    | 1 |  1.6
Poison Magic   | 1 |  1.6
Stealth        | 3 |  3.2
Fighting       | 5 |  5.0
Dodging        | 5 |  5.0
Crossbows      | |  8.8

Action                   |  1- 3 |  4- 6 || total
-------------------------+-------+-------++-------
 Fire: Hand crossbow     |    65 |   136 ||   201
Armor: Ring mail         |     6 |    18 ||    24
Dodge: Dodged            |     6 |    57 ||    63
Block: Kite shield       |       |     3 ||     3

Table legend: (Time is in decaauts)
 A = Elapsed time spent in this place.
 B = Non-inter-level travel time spent in this place.
 C = Inter-level travel time spent in this place.
 D = Time resting spent in this place.
 E = Time spent auto-exploring this place.
 F = Levels seen in this place.
 G = Mean time per level.
                   A        B        C        D        E       F      G
               +--------+--------+--------+--------+--------+-----+--------+
         Total |   3538 |   3353 |    185 |      0 |   2811 |   6 |  589.7 |
       Dungeon |   3536 |   3351 |    185 |      0 |   2811 |   5 |  707.2 |
        Temple |      1 |      1 |      0 |      0 |      0 |   1 |    1.0 |
               +--------+--------+--------+--------+--------+-----+--------+

Top non-repeatable levels by time:
     D:1: 867 daAuts
     D:4: 848 daAuts
     D:2: 751 daAuts
     D:3: 699 daAuts
     D:5: 370 daAuts
  Temple: 1 daAuts
